 Dungeon Crawl Stone Soup version 0.29.1-12-g30fa7ad0bf (webtiles) character file.

Game seed: 15562649712530309555

78 Radix the Digger (level 4, -2/24 HPs)
             Began as a Gargoyle Earth Elementalist on Dec 19, 2022.
             Slain by a gnoll
             ... wielding a +0 halberd
              (11 damage)
             ... on level 2 of the Dungeon.
             The game lasted 00:11:41 (2477 turns).

Radix the Digger (Gargoyle Earth Elementalist)      Turns: 2477, Time: 00:11:45

Health: -2/24      AC:  5    Str: 12    XL:     4   Next: 36%
Magic:  4/8        EV: 11    Int: 17    God:
Gold:   114        SH:  0    Dex: 10    Spells: 8/9 levels left

rFire   . . .      SeeInvis .   i - +2 dagger (freeze)
rCold   . . .      Faith    .   (no shield)
rNeg    + . .      Spirit   .   a - +0 robe
rPois   ∞          Reflect  .   (no helmet)
rElec   +          Harm     .   (no cloak)
rCorr   .          Rampage  .   (no gloves)
Will    .....                   (no boots)
Stlth   ++........              (no amulet)
HPRegen 0.08/turn               (no ring)
MPRegen 0.11/turn               (no ring)

@: no status effects
A: sickness immunity, AC +3, negative energy resistance 1, electricity
resistance, torment resistance 1, petrification resistance
a: no special abilities


You were on level 2 of the Dungeon.
You visited 1 branch of the dungeon, and saw 2 of its levels.

You collected 114 gold pieces.

Inventory:

Hand Weapons
 i - a +2 dagger of freezing (weapon)
Armour
 a - a +0 robe (worn)
Jewellery
 h - a ring of fire
Scrolls
 c - a scroll of vulnerability {unknown}
 d - a scroll of fear {unknown}
 e - a scroll of magic mapping {unknown}
 j - 2 scrolls of noise {unknown}
 l - a scroll of identify {unknown}
Potions
 b - a potion of magic
 f - a potion of brilliance {unknown}
 g - 2 potions of curing {unknown}
 k - a potion of might {unknown}
 m - a potion of haste {unknown}


   Skills:
 - Level 1.5 Dodging
 - Level 2.1 Stealth
 + Level 3.2 Spellcasting
 - Level 0.7 Transmutations
 + Level 5.0 Earth Magic


You had 8 spell levels left.
You knew the following spells:

 Your Spells              Type           Power      Damage    Failure   Level
a - Sandblast             Erth           38%        2d10      2%          1

Your spell library contained the following spells:

 Spells                   Type           Power      Damage    Failure   Level
 Passwall                 Tmut/Erth      10%        N/A       8%          2
 Foxfire                  Conj/Fire      8%         2x1d4     17%         1
 Stone Arrow              Conj/Erth      22%        3d8       19%         3
 Conjure Flame            Conj/Fire      2%         6-21      45%         3
 Inner Flame              Hex/Fire       2%         N/A       45%         3
 Petrify                  Tmut/Erth      12%        N/A       45%         4
 Flame Wave               Conj/Fire      2%         2d4       86%         4


Dungeon Overview and Level Annotations

Branches:
Dungeon (2/15)

Altars:


Innate Abilities, Weirdness & Mutations

You are immune to sickness and miasma.
Your stone body is resilient. (AC +3)
You are immune to poison.
You resist negative energy. (rN+)
You are resistant to electric shocks. (rElec)
You are resistant to unholy torment.
You are immune to petrification.


Message History

The blast of sand hits the frilled lizard!
You kill the frilled lizard!
There is an escape hatch in the ceiling here.
You see here a +0 hand axe.
There is an open door here.
You open the door. As you open the door, it creaks loudly!
There is an open door here.
A gnoll comes into view. It is wielding a +0 halberd.
Found a glowing hand axe. 2 gnolls come into view.
Found a hand axe.
Found a runed hand axe.
The gnoll shouts! x2
Aiming: Sandblast (safe; 2% risk of failure)
Press: ? - help, Q - select action Shift-Dir - straight line, f - gnoll
Aim: a gnoll, wielding a +0 whip (84% to hit)
The blast of sand hits the gnoll!!
You kill the gnoll!
Your Earth Magic skill increases to level 5!
Aiming: Sandblast (safe; 2% risk of failure)
Press: ? - help, Q - select action Shift-Dir - straight line, f - gnoll
Aim: a gnoll, wielding a +0 halberd (84% to hit)
The blast of sand hits the gnoll!
The gnoll is almost dead.
The gnoll misses you.
The gnoll hits you from afar with a +0 halberd.
Aiming: Sandblast (safe; 2% risk of failure)
Press: ? - help, Q - select action Shift-Dir - straight line, f/p - gnoll
Aim: a gnoll, wielding a +0 halberd (almost dead, 84% to hit)
The blast of sand hits the gnoll!
The gnoll is severely wounded.
The gnoll hits you from afar with a +0 halberd!
Aiming: Sandblast (safe; 2% risk of failure)
Press: ? - help, Q - select action Shift-Dir - straight line, f/p - gnoll
Aim: a gnoll, wielding a +0 halberd (almost dead, 84% to hit)
The blast of sand hits the gnoll.
The gnoll is almost dead.
The gnoll hits you from afar with a +0 halberd!
You die...

#.#....#.## )........
..#....#.# ....♣..
.........# ♣.♣..)♣
.......### ..... .......#
### ♣..)♣ ### .......#
#.## )g. #.#
.......####..# ♣g♣ ##.####
.............# ♣.♣ #.....#
...#...####..###@####.####
...........>............#
.......####..###.#..#.####
#.##.........##..........#
.........##..##..#..#.####
.........................#
....................#.####
......................###
.#####..................#


You could see 2 gnolls.

Vanquished Creatures
  A gnoll (D:2)
  2 adders (D:2)
  A worm (D:2)
  A dart slug (D:2)
  5 bats
  5 endoplasms
  2 giant cockroaches
  4 goblins (D:1)
  4 hobgoblins
  5 kobolds
  2 quokkas (D:1)
  2 ball pythons (D:1)
  3 frilled lizards
  4 rats
41 creatures vanquished.

Notes
Turn   | Place    | Note
-------+----------+-------------------------------------------
     0 | D:1      | Radix the Gargoyle Earth Elementalist began the quest for
                  | the Orb.
     0 | D:1      | Reached XP level 1. HP: 10/10 MP: 3/3
   130 | D:1      | Reached XP level 2. HP: 12/15 MP: 3/5
   206 | D:1      | Reached skill level 4 in Earth Magic
   621 | D:1      | Reached XP level 3. HP: 19/19 MP: 4/6
   622 | D:1      | Found a faded altar of an unknown god.
  2075 | D:2      | Reached XP level 4. HP: 24/24 MP: 5/8
  2474 | D:2      | Reached skill level 5 in Earth Magic
  2477 | D:2      | Slain by a gnoll

Illustrated notes

Levels and vault maps discovered:
D:1:      saegor_arrival_simple_d, layout_loops_ring,
          nicolae_ecumenical_lake_church, serial_aquarium,
          aquarium_bridge_square [aquarium_subvault_bridge,
          aquarium_subvault_balcony, aquarium_subvault_balcony,
          aquarium_subvault_wall], aquarium_window_fake, aquarium_window_3,
          aquarium_window_1, aquarium_view_2e, aquarium_balcony_double_1,
          aquarium_pool_double
D:2:      layout_basic, pf_guarded_unrand_woodcutter

Skill      XL: |  1  2  3  4 |
---------------+-------------+-----
Earth Magic    | 4 5 |  5.0
Spellcasting   | 3 |  3.2
Dodging        | |  1.5
Stealth        | |  2.1
Transmutations | |  0.7

Action                   |  1- 3 |  4- 6 || total
-------------------------+-------+-------++-------
Melee: Unarmed           |     4 |       ||     4
 Cast: Sandblast         |    44 |    14 ||    58
Armor: Robe              |     8 |       ||     8
Dodge: Dodged            |    10 |     1 ||    11
